 Dungeon Crawl Stone Soup version 0.29.1-12-g30fa7ad0bf (webtiles) character file.

Game seed: 16355150617900685189

61 arthad the Digger (level 4, -2/24 HPs)
             Began as a Gargoyle Earth Elementalist on Jan 1, 2023.
             Killed from afar by Terence (8 damage)
             ... with a puff of flame
             ... on level 2 of the Dungeon.
             The game lasted 00:06:53 (1812 turns).

arthad the Digger (Gargoyle Earth Elementalist)     Turns: 1812, Time: 00:06:53

Health: -2/24      AC:  5    Str: 11    XL:     4   Next: 7%
Magic:  1/7        EV: 12    Int: 18    God:
Gold:   100        SH:  0    Dex: 10    Spells: 4/8 levels left

rFire   . . .      SeeInvis .   (no weapon)
rCold   . . .      Faith    .   (no shield)
rNeg    + . .      Spirit   .   a - +0 robe
rPois   ∞          Reflect  .   (no helmet)
rElec   +          Harm     .   (no cloak)
rCorr   .          Rampage  .   (no gloves)
Will    .....                   (no boots)
Stlth   ++........              h - amulet of regeneration
HPRegen 0.88/turn               (no ring)
MPRegen 0.10/turn               (no ring)

@: no status effects
A: sickness immunity, AC +3, negative energy resistance 1, electricity
resistance, torment resistance 1, petrification resistance
a: no special abilities


You were on level 2 of the Dungeon.
You visited 1 branch of the dungeon, and saw 2 of its levels.

You collected 100 gold pieces.

Inventory:

Armour
 a - a +0 robe (worn)
Jewellery
 h - an amulet of regeneration (around neck)
Scrolls
 c - a scroll of enchant armour {unknown}
 d - a scroll of noise {unknown}
 e - a scroll of fear {unknown}
 j - a scroll of vulnerability {unknown}
 k - a scroll of summoning {unknown}
 l - a scroll of teleportation {unknown}
Potions
 b - a potion of magic
 f - 2 potions of might {unknown}
 g - a potion of degeneration {unknown}
 i - a potion of resistance {unknown}
 m - 2 potions of curing {unknown}


   Skills:
 + Level 1.8 Dodging
 * Level 3.0 Stealth
 * Level 2.5 Spellcasting
 * Level 0.6 Conjurations
 + Level 1.2 Transmutations
 * Level 4.2 Earth Magic


You had 4 spell levels left.
You knew the following spells:

 Your Spells              Type           Power      Damage    Failure   Level
a - Sandblast             Erth           34%        2d9       3%          1
b - Stone Arrow           Conj/Erth      22%        3d8       19%         3

Your spell library contained the following spells:

 Spells                   Type           Power      Damage    Failure   Level
 Passwall                 Tmut/Erth      10%        N/A       9%          2
 Portal Projectile        Hex/Tloc       4%         N/A       45%         3
 Tukima's Dance           Hex            2%         N/A       45%         3
 Petrify                  Tmut/Erth      12%        N/A       50%         4
 Blade Hands              Tmut           3%         N/A       96%         5


Dungeon Overview and Level Annotations

Branches:
Dungeon (2/15)

Altars:

Annotations:
D:2 Terence


Innate Abilities, Weirdness & Mutations

You are immune to sickness and miasma.
Your stone body is resilient. (AC +3)
You are immune to poison.
You resist negative energy. (rN+)
You are resistant to electric shocks. (rElec)
You are resistant to unholy torment.
You are immune to petrification.


Message History

You can't see any susceptible monsters within range! (Use Z to cast anyway.)
You see here a +0 dagger.
Found a sling.
Things that are here:
a +0 dagger; a goblin corpse Terence the Incautious comes into view.
He is wielding a +1 hand axe of flaming and carrying a wand of flame (25).
Terence is nearby!
The blast of sand hits Terence!
Terence is moderately wounded.
Terence asks, "Do you want it fast or slow?"
The blast of sand hits Terence.
Terence is heavily wounded.
Terence zaps a wand.
The puff of flame hits you!
The blast of sand hits Terence but does no damage.
Terence is heavily wounded.
Terence zaps a wand.
The puff of flame hits you.
The blast of sand misses Terence.
Terence zaps a wand.
The puff of flame misses you.
The blast of sand hits Terence but does no damage.
Terence is heavily wounded.
Terence hits you with a +1 hand axe of flaming.
Terence burns you. Terence closely misses you.
You are too injured to fight recklessly!
You are too injured to fight recklessly!
Aiming: Sandblast (safe; 3% risk of failure)
Press: ? - help, Q - select action Shift-Dir - straight line, f/p - Terence
Aim: Terence, wielding a +1 hand axe of flaming, wearing a +0 scale mail and carrying a wand of flame (22) (heavily wounded, 84% to hit)
The blast of sand hits Terence.
Terence is severely wounded.
Terence hits you with a +1 hand axe of flaming.
Terence burns you.
Aiming: Sandblast (safe; 3% risk of failure)
Press: ? - help, Q - select action Shift-Dir - straight line, f/p - Terence
Aim: Terence, wielding a +1 hand axe of flaming, wearing a +0 scale mail and carrying a wand of flame (22) (severely wounded, 84% to hit)
The blast of sand hits Terence but does no damage.
Terence is severely wounded.
Terence zaps a wand.
The puff of flame hits you.
* * * LOW HITPOINT WARNING * * *
Terence zaps a wand.
The puff of flame hits you!
You die...

###### ###....
.....# #....#
#....# .#
#.####....###
#.#
............#
#.#
......@@....#
#.#
...)........#
#.#
#.####....###
#.# #.#
#.).)#####.##
#.#
#.....).....#
#.#
##########..#
#.# #..#
##########.#####
#..#
...............#
#..#


You could see Terence.

Vanquished Creatures
  An adder (D:2)
  3 dart slugs
  7 bats
  6 endoplasms
  2 giant cockroaches (D:1)
  8 goblins
  A hobgoblin (D:1)
  2 jackals (D:1)
  8 kobolds
  A ball python (D:2)
  A frilled lizard (D:2)
  3 rats (D:1)
43 creatures vanquished.

Notes
Turn   | Place    | Note
-------+----------+-------------------------------------------
     0 | D:1      | arthad the Gargoyle Earth Elementalist began the quest for
                  | the Orb.
     0 | D:1      | Reached XP level 1. HP: 10/10 MP: 3/3
   173 | D:1      | Reached XP level 2. HP: 15/15 MP: 3/5
   289 | D:1      | Reached skill level 1 in Transmutations
   791 | D:1      | Reached skill level 4 in Earth Magic
   808 | D:1      | Reached XP level 3. HP: 19/19 MP: 2/6
   815 | D:1      | Learned a level 3 spell: Stone Arrow
  1642 | D:2      | Reached XP level 4. HP: 24/24 MP: 5/7
  1804 | D:2      | Noticed Terence
  1812 | D:2      | Killed from afar by Terence

Illustrated notes

Levels and vault maps discovered:
D:1:      tarquinn_simple_flora_water_a, layout_basic, serial_glass,
          glass_columns_c, glass_columns_a
D:2:      layout_loops_ring, uniq_terence

Skill      XL: |  1  2  3 |
---------------+----------+-----
Transmutations | 1 |  1.2
Earth Magic    | 4 |  4.2
Stealth        | 3 |  3.0
Dodging        | |  1.8
Spellcasting   | |  2.5
Conjurations   | |  0.6

Action                   |  1- 3 |  4- 6 || total
-------------------------+-------+-------++-------
Melee: Unarmed           |     1 |       ||     1
 Cast: Sandblast         |    60 |    11 ||    71
Armor: Robe              |     3 |       ||     3
Dodge: Dodged            |    13 |     2 ||    15
